[Event "Titled Tuesday Blitz May 30 Late 2023"]
[White "Da Silva, Alessandro Rodrigues"]
[Black "sebastianmarinp"]
[WhiteFideId "2107546"]
[WhiteElo "2181"]
[BlackElo "2389"]
[Result "1-0"]
[Round "06"]
[TimeControl "180+2"]
[Date "2023.05.31"]
[WhiteClock "0:00:15"]
[BlackClock "0:00:02"]

1. e4 e5 2. d4 exd4 3. Bc4 Nf6 4. Nf3 Nc6 5. O-O Nxe4 6. Re1 d5 7. Bxd5 Qxd5 8. Nc3 Qd8 9. Nxe4 Be7 10. Bg5 O-O 11. Bxe7 Qxe7 12. Nxd4 Nxd4 13. Qxd4 Bf5 14. Ng3 Qd7 15. Qc3 Bg6 16. Rad1 Qb5 17. b3 h6 18. h4 c5 19. h5 Bh7 20. Re5 Rac8 21. Re7 Qc6 22. Rdd7 b5 23. Rxa7 c4 24. b4 Ra8 25. Nf1 Rxa7 26. Rxa7 Qd5 27. Ne3 Qxh5 28. Ra5 Rd8 29. a4 Qg6 30. Rxb5 Qa6 31. Ra5 Qd6 32. Qxc4 Rb8 33. Ra7 Qf6 34. Nd5 Qa1+ 35. Qf1 Qe5 36. Qd3 Rd8 37. Qe3 Qxd5 38. Qe7 1-0


[Site "https://www.chess.com"]

[Event "Titled Tuesday Blitz May 30 Late 2023"]
[White "ThaBarWa"]
[Black "Liu, Kelsey"]
[BlackFideId "30944481"]
[WhiteElo "2383"]
[BlackElo "2223"]
[Result "0-1"]
[Round "06"]
[TimeControl "180+2"]
[Date "2023.05.31"]
[WhiteClock "0:01:49"]
[BlackClock "0:02:08"]

1. d4 Nf6 2. c4 e6 3. Nc3 Bb4 4. f3 c5 5. d5 b5 6. e4 O-O 7. Nh3 bxc4 8. Bxc4 Nxd5 9. Bxd5 exd5 10. Qxd5 Ba6 11. Bg5 Qb6 12. Kf2 Nc6 13. Be3 Nd4 14. Rac1 Bxc3 15. bxc3 Qb2+ 0-1


[Site "https://www.chess.com"]

[Event "Titled Tuesday Blitz May 30 Late 2023"]
[White "Clawitter, Craig"]
[Black "Papp, Petra"]
[WhiteFideId "2023105"]
[BlackFideId "739049"]
[WhiteElo "2212"]
[BlackElo "2259"]
[Result "1/2-1/2"]
[Round "06"]
[TimeControl "180+2"]
[Date "2023.05.31"]
[WhiteClock "0:00:02"]
[BlackClock "0:00:07"]

1. e4 c5 2. Nf3 Nc6 3. d4 cxd4 4. Nxd4 g6 5. Nc3 Bg7 6. Be3 Nf6 7. Bc4 O-O 8. Bb3 Re8 9. O-O d6 10. h3 Bd7 11. Re1 a6 12. Qe2 b5 13. Rad1 b4 14. Nd5 Nxe4 15. Nxc6 Bxc6 16. Bb6 Qb8 17. Bc7 Qb7 18. Qxe4 e6 19. Bxd6 Red8 20. Ne7+ Qxe7 21. Qxc6 Qf6 22. Be5 Rxd1 23. Qxa8+ Qd8 24. Qxd8+ Rxd8 25. Bxg7 Kxg7 26. Kf1 Kf6 27. Ke2 Rd4 28. Rd1 Re4+ 29. Kf1 Re5 30. f3 h5 31. Kf2 g5 32. Rd4 a5 33. Re4 Rc5 34. h4 Kf5 35. hxg5 Kxg5 36. g3 Kf5 37. Rd4 Re5 38. Re4 Rc5 39. Rc4 Rb5 40. Ba4 Rd5 41. Bb3 Rd2+ 42. Ke3 Rg2 43. g4+ hxg4 44. fxg4+ Kf6 45. Kf3 Rg1 46. Kf4 Rf1+ 47. Kg3 Rg1+ 48. Kf2 Rh1 49. Rc5 e5 50. Rxa5 e4 51. Rf5+ Kg6 52. Rxf7 Kg5 53. Re7 Kf4 54. Be6 Rh2+ 55. Ke1 Ke3 56. Kf1 Rxc2 57. Bf5 Rxb2 58. Rxe4+ Kf3 59. Rc4 Rxa2 60. Be4+ Kg3 61. Rxb4 Rf2+ 62. Ke1 Rf4 63. Rb3+ Kxg4 64. Bf3+ Rxf3 65. Rxf3 Kxf3 1/2-1/2


[Site "https://www.chess.com"]

[Event "Titled Tuesday Blitz May 30 Late 2023"]
[White "Gardezi, Arsal"]
[Black "Urbina Perez, Juan Antonio"]
[WhiteFideId "30949521"]
[BlackFideId "2217368"]
[WhiteElo "1906"]
[BlackElo "2197"]
[Result "0-1"]
[Round "06"]
[TimeControl "180+2"]
[Date "2023.05.31"]
[WhiteClock "0:01:12"]
[BlackClock "0:00:54"]

1. Nf3 d5 2. d4 Nf6 3. c3 e6 4. Bf4 Bd6 5. Bxd6 Qxd6 6. Nbd2 b6 7. e3 O-O 8. Bd3 Ba6 9. Qe2 Bxd3 10. Qxd3 c5 11. O-O Nc6 12. e4 cxd4 13. cxd4 dxe4 14. Nxe4 Nxe4 15. Qxe4 h6 16. Rac1 Rac8 17. a3 Ne7 18. Rfd1 Nd5 19. h3 Rfd8 20. Ne5 Rxc1 21. Rxc1 Nf6 22. Qb7 Rf8 23. Qxa7 Qxd4 24. Nc4 Nd5 25. Nd6 Nf4 26. Rc6 Qd1+ 27. Kh2 Ne2 28. h4 h5 0-1


[Site "https://www.chess.com"]

[Event "Titled Tuesday Blitz May 30 Late 2023"]
[White "Gerbelli Neto, Eduardo"]
[Black "ritanovikova"]
[WhiteFideId "2103281"]
[WhiteElo "2178"]
[BlackElo "2171"]
[Result "1-0"]
[Round "06"]
[TimeControl "180+2"]
[Date "2023.05.31"]
[WhiteClock "0:00:31"]
[BlackClock "0:00:03"]

1. e4 d5 2. exd5 Qxd5 3. Nc3 Qd6 4. Bc4 Nf6 5. d3 a6 6. Qe2 Bg4 7. f3 Bh5 8. g4 Bg6 9. f4 Qc6 10. Nf3 Nxg4 11. Rg1 Bh5 12. Rxg4 Bxg4 13. Bxf7+ Kxf7 14. Ne5+ Ke8 15. Qxg4 Qh1+ 16. Kd2 Qxh2+ 17. Ne2 e6 18. Qxe6+ Be7 19. Qc8+ Bd8 20. Qxb7 Nd7 21. Nxd7 Kxd7 22. Qd5+ Ke7 23. Qxa8 Re8 24. b3 Kf7 25. Qd5+ Kg6 26. Qf3 c5 27. Bb2 Ba5+ 28. c3 h6 29. Qg3+ Qxg3 30. Nxg3 Bc7 31. Ne2 Kf5 32. Rf1 h5 33. c4 h4 34. Bxg7 h3 35. Bh6 Rh8 36. Bg5 h2 37. Ng3+ Kg4 38. Nh1 Kh3 39. Rf2 Ba5+ 40. Ke2 Re8+ 41. Kf3 Re1 42. Ng3 Rg1 43. Rxh2+ Kxh2 44. Ne4 Ra1 45. a4 Bb4 46. f5 Rf1+ 47. Kg4 Rg1+ 48. Kh5 Rf1 49. Kg6 Ba3 50. f6 1-0


[Site "https://www.chess.com"]

[Event "Titled Tuesday Blitz May 30 Late 2023"]
[White "dodoucb"]
[Black "Oliveira, Tiago Batista"]
[BlackFideId "2108291"]
[WhiteElo "2343"]
[BlackElo "1962"]
[Result "0-1"]
[Round "06"]
[TimeControl "180+2"]
[Date "2023.05.31"]
[WhiteClock "0:01:23"]
[BlackClock "0:01:36"]

1. e4 e5 2. Nf3 Nc6 3. Bb5 a6 4. Ba4 Nf6 5. O-O Nxe4 6. Re1 Nc5 7. Nxe5 Nxe5 8. Rxe5+ Be7 9. Bb3 Nxb3 10. axb3 O-O 11. Nc3 Bf6 12. Re1 d5 13. d3 Be6 14. Bf4 Qd7 15. Be5 Bxe5 16. Rxe5 f6 17. Re1 Rfe8 18. Qf3 c6 19. h3 Bf7 20. Ra4 Rxe1+ 0-1


[Site "https://www.chess.com"]

[Event "Titled Tuesday Blitz May 30 Late 2023"]
[White "deloewre"]
[Black "Celestino, Rafael Teixeira"]
[BlackFideId "2108925"]
[WhiteElo "2104"]
[BlackElo "2339"]
[Result "1-0"]
[Round "06"]
[TimeControl "180+2"]
[Date "2023.05.31"]
[WhiteClock "0:00:04"]
[BlackClock "0:00:50"]

1. d4 Nf6 2. c4 e6 3. Nc3 d5 4. cxd5 exd5 5. Bg5 h6 6. Bxf6 Qxf6 7. Nxd5 Qg5 8. Nc3 Bb4 9. Nf3 Qa5 10. Qc2 O-O 11. Nd2 Nc6 12. e3 Re8 13. Be2 Qg5 14. Nf3 Qxg2 15. Rg1 Qh3 16. O-O-O Bf5 17. Qb3 Bxc3 18. Qxc3 Be4 19. Rg3 Qe6 20. d5 Qe5 21. dxc6 Bxf3 22. Qxe5 Rxe5 23. Bxf3 bxc6 24. Kb1 Rb8 25. Bxc6 Rc5 26. Bd5 Rcb5 27. Bb3 a5 28. Rd2 Kf8 29. Rg4 h5 30. Rgd4 Rf5 31. f4 Re8 32. Rd8 f6 33. Rxe8+ Kxe8 34. Rd5 Rxd5 35. Bxd5 Ke7 36. Kc2 g5 37. Kd3 Kd6 38. Bf7 h4 39. Ke4 Ke7 40. Bc4 c5 41. Kd5 a4 42. Kxc5 g4 43. b4 axb3 44. axb3 Kd7 45. b4 Kc7 46. b5 Kb7 47. b6 Kb8 48. Bd5 f5 49. Kd6 Kc8 50. Ke5 g3 51. Kxf5 Kd7 52. hxg3 hxg3 53. Kg4 g2 54. Bxg2 Kc8 55. Kg5 Kd7 56. Kg6 Kc8 57. f5 Kd7 58. f6 Kc8 59. Kg7 Kd7 60. f7 Kd6 61. f8=Q+ Ke5 62. Qf6# 1-0


[Site "https://www.chess.com"]

[Event "Titled Tuesday Blitz May 30 Late 2023"]
[White "Vaglio Munoz, Jaime"]
[Black "campochess"]
[WhiteFideId "6500145"]
[WhiteElo "2199"]
[BlackElo "2083"]
[Result "0-1"]
[Round "06"]
[TimeControl "180+2"]
[Date "2023.05.31"]
[WhiteClock "0:01:13"]
[BlackClock "0:01:33"]

1. e4 c5 2. a3 e6 3. b4 d5 4. exd5 exd5 5. bxc5 Bxc5 6. d4 Bb6 7. h3 Nc6 8. Nf3 Nf6 9. Bd3 h6 10. c3 O-O 11. O-O Ne4 12. Nfd2 f5 13. Re1 Qh4 14. Re2 Nxd4 15. cxd4 Bxd4 16. Bxe4 fxe4 17. Nb3 Bxf2+ 18. Rxf2 Qxf2+ 19. Kh1 Bxh3 20. Qxd5+ Kh8 21. Qxe4 Rae8 22. Qd5 Bxg2+ 23. Qxg2 Qh4+ 24. Qh2 Re1+ 25. Kg2 Rf2# 0-1


[Site "https://www.chess.com"]

[Event "Titled Tuesday Blitz May 30 Late 2023"]
[White "Rodriguez Santiago, Jaime"]
[Black "Stead, Kerry"]
[WhiteFideId "3100898"]
[BlackFideId "3202577"]
[WhiteElo "2025"]
[BlackElo "1997"]
[Result "1-0"]
[Round "06"]
[TimeControl "180+2"]
[Date "2023.05.31"]
[WhiteClock "0:00:34"]
[BlackClock "0:00:03"]

1. c4 Nf6 2. g3 c6 3. Nf3 d5 4. Bg2 Bg4 5. Qb3 Qb6 6. Ne5 Be6 7. Qxb6 axb6 8. cxd5 Bxd5 9. Bxd5 Nxd5 10. Na3 Nd7 11. Nxd7 Kxd7 12. b3 e6 13. Nc4 Kc7 14. Bb2 f6 15. O-O b5 16. Ne3 Nxe3 17. fxe3 Bb4 18. d3 e5 19. Kf2 Rhd8 20. Rfc1 Kb6 21. a4 bxa4 22. bxa4 Ra5 23. Rc4 c5 24. d4 exd4 25. exd4 Rda8 26. dxc5+ Bxc5+ 27. Kf3 Bd6 28. e4 Be5 29. Bxe5 Rxe5 30. Rb1+ 1-0


[Site "https://www.chess.com"]

[Event "Titled Tuesday Blitz May 30 Late 2023"]
[White "Gomez Barrera, Javiera Belen"]
[Black "Maluco_do_Natal_00"]
[WhiteFideId "3418723"]
[WhiteElo "2119"]
[BlackElo "2069"]
[Result "1-0"]
[Round "06"]
[TimeControl "180+2"]
[Date "2023.05.31"]
[WhiteClock "0:00:55"]
[BlackClock "0:00:02"]

1. d4 d5 2. c4 c6 3. Nc3 Nf6 4. Nf3 dxc4 5. a4 Bf5 6. e3 e6 7. Bxc4 Bb4 8. O-O Nbd7 9. Qb3 a5 10. Na2 Qe7 11. Nxb4 Qxb4 12. Qxb4 axb4 13. Bd2 Nb6 14. Bb3 Nbd5 15. Ne5 Ne4 16. Be1 f6 17. Nc4 b5 18. Nd2 Nd6 19. Bxd5 exd5 20. Nb3 Bd3 21. Bxb4 Bxf1 22. Bxd6 Bc4 23. Nc5 bxa4 24. b3 Bb5 25. bxa4 Bc4 26. a5 Kf7 27. Bc7 Rhc8 28. Bb6 Rcb8 29. Rc1 h5 30. h4 Kg6 31. Kh2 Bb5 32. Kg3 Bc4 33. e4 Kf7 34. f3 Kg6 35. Kf4 Kf7 36. g4 hxg4 37. fxg4 g6 38. h5 gxh5 39. gxh5 Rh8 40. Rh1 Be2 41. h6 Rag8 42. exd5 cxd5 43. Ke3 Bc4 44. a6 Bxa6 45. Nxa6 Rg3+ 46. Kf4 Rg6 47. Nc5 f5 48. Bc7 Rgxh6 49. Rxh6 Rxh6 50. Kxf5 Rh5+ 51. Kg4 Kg7 52. Kxh5 Kf7 53. Be5 Ke7 54. Kg5 Kf7 55. Kf5 1-0


[Site "https://www.chess.com"]

[Event "Titled Tuesday Blitz May 30 Late 2023"]
[White "NtcPou"]
[Black "Ardila, Oscar Humberto"]
[BlackFideId "4404742"]
[WhiteElo "2042"]
[BlackElo "1918"]
[Result "0-1"]
[Round "06"]
[TimeControl "180+2"]
[Date "2023.05.31"]
[WhiteClock "0:02:21"]
[BlackClock "0:02:13"]

1. e4 e5 2. Nf3 Nc6 3. Bc4 Nf6 4. d3 Bc5 5. O-O d6 6. Re1 O-O 7. c3 h6 8. Nbd2 Be6 9. Bb3 Bxb3 10. axb3 a6 11. b4 Bb6 12. Nf1 Ne7 13. Ng3 Ng6 14. Qb3 Qd7 15. Nf5 Ne7 16. Ne3 c6 17. h3 Rad8 18. c4 Rfe8 19. Bd2 Ng6 20. Bc3 Nf4 21. Kh2 Nxd3 22. Red1 Nxf2 23. Rd2 N2xe4 24. Rdd1 Bxe3 25. Nxe5 Bf4+ 26. Kh1 Bxe5 27. Bxe5 Rxe5 0-1


[Site "https://www.chess.com"]

[Event "Titled Tuesday Blitz May 30 Late 2023"]
[White "Sarkar, Justin"]
[Black "Burke, Paul"]
[WhiteFideId "2010011"]
[BlackFideId "2605767"]
[WhiteElo "2168"]
[BlackElo "1915"]
[Result "1-0"]
[Round "06"]
[TimeControl "180+2"]
[Date "2023.05.31"]
[WhiteClock "0:00:45"]
[BlackClock "0:00:04"]

1. e4 e5 2. f4 Bc5 3. Nc3 d6 4. Bc4 Nc6 5. Nf3 Nf6 6. d3 O-O 7. Na4 Bg4 8. Nxc5 dxc5 9. h3 Bxf3 10. Qxf3 exf4 11. Bxf4 Nd4 12. Qf2 Ne6 13. Be5 Nd7 14. Bc3 c6 15. a4 a6 16. a5 b5 17. axb6 Nxb6 18. Bb3 Nd4 19. Ba2 Nd7 20. Bxd4 cxd4 21. Qxd4 Qh4+ 22. Qf2 Qe7 23. O-O Qe5 24. c3 Rad8 25. Bc4 a5 26. Qf5 Qxf5 27. Rxf5 Nb6 28. Raxa5 Nxc4 29. dxc4 Rd2 30. Rf2 Rd1+ 31. Kh2 h6 32. Rc5 Rc8 33. b4 Rc1 34. Rf3 Re1 35. e5 Re8 36. Rxc6 R1xe5 37. b5 Re3 38. Rxe3 Rxe3 39. b6 Rxc3 40. b7 1-0


[Site "https://www.chess.com"]

[Event "Titled Tuesday Blitz May 30 Late 2023"]
[White "Sanchez, Robert"]
[Black "Leschinsky, Gary"]
[WhiteFideId "2034360"]
[BlackFideId "30951321"]
[WhiteElo "1809"]
[BlackElo "1855"]
[Result "0-1"]
[Round "06"]
[TimeControl "180+2"]
[Date "2023.05.31"]
[WhiteClock "0:02:18"]
[BlackClock "0:02:23"]

1. Nf3 d5 2. e3 Nf6 3. c4 c6 4. Nc3 e6 5. b3 Nbd7 6. Bb2 Bd6 7. d4 O-O 8. Bd3 Qe7 9. O-O Re8 10. Re1 e5 11. cxd5 e4 12. dxc6 bxc6 13. Be2 exf3 14. Bxf3 Bb7 15. e4 Bb4 16. e5 Bxc3 17. Bxc3 Nd5 18. Bxd5 cxd5 19. f4 Rac8 20. Qd2 Qe6 21. Rf1 Qf5 22. Rac1 Rc6 23. Qe2 Ba6 0-1


[Site "https://www.chess.com"]

[Event "Titled Tuesday Blitz May 30 Late 2023"]
[White "Castillo Pena, Patricia Evarista"]
[Black "Alexikov, Alexander"]
[WhiteFideId "6412106"]
[BlackFideId "14103958"]
[WhiteElo "1919"]
[BlackElo "2186"]
[Result "0-1"]
[Round "06"]
[TimeControl "180+2"]
[Date "2023.05.31"]
[WhiteClock "0:00:01"]
[BlackClock "0:00:10"]

1. d4 Nf6 2. Nf3 g6 3. Nc3 Bg7 4. e4 d6 5. Be3 O-O 6. Qd2 c6 7. h3 b5 8. a3 a6 9. Bd3 Bb7 10. O-O Nbd7 11. Rad1 e5 12. dxe5 dxe5 13. Bh6 Qe7 14. Bg5 Rfe8 15. Rfe1 Nc5 16. b4 Ne6 17. Be3 Nh5 18. g3 Rad8 19. Qc1 Rd7 20. Ng5 Nd4 21. Bxd4 Rxd4 22. Nf3 Rd6 23. Ne2 Red8 24. Qb1 Bc8 25. c4 Bxh3 26. cxb5 axb5 27. Bc2 Bg4 28. Kg2 Bh6 29. Rxd6 Rxd6 30. Rd1 Nf6 31. Qb3 Rxd1 32. Bxd1 Nxe4 33. Qc2 Bxf3+ 34. Kxf3 Nd2+ 35. Kg2 Nc4 36. Qe4 Qe6 37. Bb3 Qd5 38. Qxd5 cxd5 39. a4 bxa4 40. Bxa4 d4 41. Kf3 f5 42. b5 Nb6 0-1


[Site "https://www.chess.com"]

[Event "Titled Tuesday Blitz May 30 Late 2023"]
[White "mohsengabr2002"]
[Black "Hartikainen, Jarmo"]
[BlackFideId "503134"]
[WhiteElo "2220"]
[BlackElo "2101"]
[Result "1/2-1/2"]
[Round "06"]
[TimeControl "180+2"]
[Date "2023.05.31"]
[WhiteClock "0:01:40"]
[BlackClock "0:00:26"]

1. g3 g6 2. f3 Nf6 3. e3 d5 4. d3 h5 5. c3 c5 6. Nh3 Nc6 7. Nf2 e5 8. Bg2 Bg7 9. a3 O-O 10. b4 cxb4 11. axb4 Be6 12. O-O d4 13. exd4 exd4 14. b5 Ne7 15. c4 Qd7 16. Ba3 Rfe8 17. Nd2 b6 18. Bxe7 Rxe7 19. f4 Rd8 20. Nde4 Nxe4 21. Nxe4 Bf5 22. Rf2 Bxe4 23. Bxe4 Rxe4 24. dxe4 d3 25. e5 Bf8 26. Rd2 Bc5+ 27. Kg2 Qd4 28. Rxa7 Qxc4 29. Qf3 Bb4 30. Rd1 d2 31. Ra8 Rxa8 32. Qxa8+ Kg7 33. Qf3 Qxb5 34. h3 Qc5 35. g4 hxg4 36. hxg4 Qd4 37. Qf2 Qe4+ 38. Qf3 Qd4 39. Qf2 Qe4+ 40. Qf3 Qd4 1/2-1/2


[Site "https://www.chess.com"]

[Event "Titled Tuesday Blitz May 30 Late 2023"]
[White "MunichMouse"]
[Black "Ogreberbere"]
[WhiteElo "2257"]
[BlackElo "2148"]
[Result "1/2-1/2"]
[Round "06"]
[TimeControl "180+2"]
[Date "2023.05.31"]
[WhiteClock "0:00:04"]
[BlackClock "0:00:02"]

1. d4 Nf6 2. c4 e6 3. Nf3 d5 4. g3 Be7 5. Bg2 O-O 6. Nbd2 c5 7. cxd5 Nxd5 8. O-O b6 9. dxc5 Bxc5 10. Nb3 Be7 11. e4 Nb4 12. Nfd4 Bb7 13. a3 N4c6 14. e5 Qc8 15. Bf4 Nxd4 16. Bxb7 Qxb7 17. Nxd4 Rd8 18. Qf3 Qxf3 19. Nxf3 Nc6 20. Rac1 Rac8 21. Rc3 Na5 22. Rfc1 Rxc3 23. Rxc3 Kf8 24. b4 Nb7 25. Rc7 Rb8 26. Nd4 Bd8 27. Rc1 Ke8 28. Nc6 Ra8 29. Rd1 a5 30. b5 Nc5 31. Be3 Rc8 32. Bxc5 bxc5 33. Rxd8+ Rxd8 34. Nxd8 Kxd8 35. a4 Kc7 36. Kf1 Kb6 37. Ke2 c4 38. Kd2 Kc5 39. Kc3 g5 40. f3 h5 41. h3 Kd5 42. f4 gxf4 43. gxf4 h4 44. b6 Kc6 45. Kxc4 Kxb6 46. Kd4 Kc6 47. Kc4 Kb6 48. Kd4 Kc6 49. Ke4 Kc5 50. f5 exf5+ 51. Kxf5 Kd5 52. Kg5 Kxe5 53. Kxh4 Kf4 54. Kh5 Kg3 55. h4 f5 56. Kg5 f4 57. h5 f3 58. h6 f2 59. h7 f1=Q 60. h8=Q Qc1+ 61. Kf5 Qc2+ 62. Ke6 Qb3+ 63. Kd6 Qb4+ 64. Kd5 Qxa4 65. Qe5+ Kf3 66. Qc3+ Ke2 67. Qc4+ Qxc4+ 68. Kxc4 Kd2 69. Kb5 Kc3 70. Kxa5 1/2-1/2


[Site "https://www.chess.com"]

[Event "Titled Tuesday Blitz May 30 Late 2023"]
[White "Schut, Han"]
[Black "Martinez, Ayelen"]
[WhiteFideId "1005561"]
[BlackFideId "118702"]
[WhiteElo "2024"]
[BlackElo "2125"]
[Result "0-1"]
[Round "06"]
[TimeControl "180+2"]
[Date "2023.05.31"]
[WhiteClock "0:00:01"]
[BlackClock "0:00:06"]

1. e4 c5 2. Nf3 d6 3. d4 cxd4 4. Nxd4 Nf6 5. f3 e5 6. Bb5+ Bd7 7. Bxd7+ Qxd7 8. Nf5 d5 9. Bg5 dxe4 10. Bxf6 Qxd1+ 11. Kxd1 gxf6 12. fxe4 Rg8 13. g3 Nd7 14. Ke2 Rc8 15. Nc3 Bb4 16. Nd5 Rxc2+ 17. Kd3 Rd2+ 18. Ke3 Rxb2 19. Nxb4 Rxb4 20. Rhc1 Nb6 21. Rc7 Nc4+ 22. Kd3 Nb2+ 23. Kc3 Rb6 24. Rc8+ Kd7 25. Rxg8 Na4+ 26. Kd3 Nb2+ 27. Ke3 Rc6 28. Rg7 Ke6 29. Rxh7 Rc3+ 30. Kf2 Nd3+ 31. Kg2 Nc5 32. Ng7+ Ke7 33. Nf5+ Ke6 34. Rd1 Nxe4 35. Ng7+ Ke7 36. Nf5+ Ke6 37. Nh4 Rc2+ 38. Kg1 Ng5 39. Rb1 Nxh7 0-1


[Site "https://www.chess.com"]

[Event "Titled Tuesday Blitz May 30 Late 2023"]
[White "Horokoskii"]
[Black "Escalante Ramirez, Rafael"]
[BlackFideId "3900177"]
[WhiteElo "2123"]
[BlackElo "2229"]
[Result "1-0"]
[Round "06"]
[TimeControl "180+2"]
[Date "2023.05.31"]
[WhiteClock "0:00:49"]
[BlackClock "0:00:02"]

1. d4 Nf6 2. c4 e6 3. Nc3 Bb4 4. e3 c5 5. Ne2 cxd4 6. exd4 d5 7. a3 Bxc3+ 8. Nxc3 dxc4 9. Bxc4 Nc6 10. d5 exd5 11. Nxd5 Nxd5 12. Qxd5 O-O 13. O-O Be6 14. Qxd8 Nxd8 15. Bd3 Rc8 16. Be3 a6 17. Rac1 Nc6 18. Be4 Bd7 19. Rfd1 Rfd8 20. Bb6 Re8 21. Bxh7+ Kxh7 22. Rxd7 Ne5 23. Rdc7 Rxc7 24. Bxc7 Nd3 25. Rb1 Nxb2 26. h3 Nc4 27. Rxb7 Nxa3 28. Bd6 Nc4 29. Bc5 f6 30. Ra7 a5 31. Bd4 Kg6 32. Bc3 Rd8 33. Bxa5 Nxa5 34. Rxa5 Rd1+ 35. Kh2 Rd2 36. Kg3 Rd3+ 37. f3 Rb3 38. Rc5 Ra3 39. Rc4 Rb3 40. h4 Kh6 41. Rg4 Ra3 42. Rb4 Rc3 43. Kf4 Rc2 44. g4 Kh7 45. g5 fxg5+ 46. hxg5 Rc5 47. Kg4 Ra5 48. Rb6 Rc5 49. g6+ Kh6 50. f4 Rc1 51. Kf5 Rc5+ 52. Kg4 Rc1 53. Re6 Rg1+ 54. Kf5 Rf1 55. Re8 1-0


[Site "https://www.chess.com"]

[Event "Titled Tuesday Blitz May 30 Late 2023"]
[White "Ricaurte Lopez, Juan Carlos"]
[Black "Mendez Machado, Andre"]
[WhiteFideId "3600327"]
[BlackFideId "6603793"]
[WhiteElo "2200"]
[BlackElo "1984"]
[Result "0-1"]
[Round "06"]
[TimeControl "180+2"]
[Date "2023.05.31"]
[WhiteClock "0:01:07"]
[BlackClock "0:00:11"]

1. e4 e5 2. d4 exd4 3. c3 dxc3 4. Nxc3 Bc5 5. Bc4 d6 6. Nf3 Nf6 7. Ng5 O-O 8. f4 h6 9. Nf3 Ng4 10. Qe2 Bf2+ 11. Kf1 Bb6 12. h3 Nf2 13. Rh2 Re8 14. g4 Nc6 15. Rxf2 Bxf2 16. Qxf2 Be6 17. Bd5 Bxd5 18. exd5 Nb4 19. a3 Nd3 20. Qd4 Nc5 21. b4 Nb3 22. Qd1 Nxa1 23. Bb2 Qf6 24. Bxa1 Qxf4 25. Kf2 Re3 26. Nb5 Rae8 27. Nd4 c5 28. bxc5 dxc5 29. d6 cxd4 30. d7 Rd8 31. Bxd4 Rxf3+ 32. Qxf3 Qxd4+ 33. Kg2 Qxd7 0-1


[Site "https://www.chess.com"]

[Event "Titled Tuesday Blitz May 30 Late 2023"]
[White "Duda, Jan-Krzysztof"]
[Black "Hakobyan, Aram"]
[WhiteFideId "1170546"]
[BlackFideId "13306677"]
[WhiteElo "2790"]
[BlackElo "2584"]
[Result "1-0"]
[Round "07"]
[TimeControl "180+2"]
[Date "2023.05.31"]
[WhiteClock "0:00:22"]
[BlackClock "0:00:03"]

1. e4 g6 2. d4 Bg7 3. Nf3 Nf6 4. Bd3 d5 5. e5 Ne4 6. Nbd2 Nxd2 7. Bxd2 c5 8. dxc5 Bg4 9. h3 Bxf3 10. Qxf3 O-O 11. Qe3 d4 12. Qe2 Nd7 13. e6 Nxc5 14. exf7+ Kh8 15. Bc4 b5 16. Bxb5 Rxf7 17. O-O e5 18. b4 Ne6 19. Bd3 Rc8 20. g3 Ng5 21. Bxg5 Qxg5 22. h4 Qe7 23. b5 e4 24. Qxe4 Qxe4 25. Bxe4 d3 26. Bxd3 Bxa1 27. Rxa1 Rc3 28. a4 Kg7 29. a5 Kf6 30. Rb1 Rb7 31. Rb4 Ra3 32. a6 Rb8 33. Rf4+ Kg7 34. Rd4 Rf8 35. Kg2 Rf7 36. Rd5 Kf6 37. h5 Kg7 38. hxg6 hxg6 39. f4 Ra1 40. Kh3 Rg1 41. Kg4 Kf8 42. Bxg6 Re7 43. Kh4 Kg7 44. Bd3 Re6 45. Rg5+ Kf8 46. Rg6 Re7 47. g4 Rh7+ 48. Kg5 Rc7 49. f5 Rc5 50. b6 axb6 51. Rxb6 Ra5 52. Kf6 Ke8 53. g5 Kd7 54. g6 Kc7 55. Rb7+ Kc6 56. g7 Ra4 57. Bb5+ 1-0


[Site "https://www.chess.com"]

[Event "Titled Tuesday Blitz May 30 Late 2023"]
[White "Vachier-Lagrave, Maxime"]
[Black "Holt, Conrad"]
[WhiteFideId "623539"]
[BlackFideId "2034387"]
[WhiteElo "2723"]
[BlackElo "2592"]
[Result "0-1"]
[Round "07"]
[TimeControl "180+2"]
[Date "2023.05.31"]
[WhiteClock "0:01:12"]
[BlackClock "0:01:41"]

1. e4 e6 2. d4 d5 3. Nc3 Nf6 4. e5 Nfd7 5. f4 c5 6. Nf3 Nc6 7. Be3 cxd4 8. Nxd4 Bc5 9. Qd2 O-O 10. O-O-O a6 11. h4 Nxd4 12. Bxd4 b5 13. h5 b4 14. Ne2 a5 15. Qe3 Qb6 16. Kb1 a4 17. Ng3 b3 18. cxb3 axb3 19. a3 Ra4 20. Bxc5 Nxc5 21. h6 g6 22. Nh5 Bb7 23. Nf6+ Kh8 24. Bd3 Qa5 25. Rd2 d4 26. Qe2 Ra8 27. Kc1 Rxa3 28. bxa3 Qc3+ 29. Kb1 Rxa3 30. Rb2 Nxd3 31. Qd2 Nxb2 32. Qxb2 Ba6 0-1


[Site "https://www.chess.com"]

[Event "Titled Tuesday Blitz May 30 Late 2023"]
[White "Pranav, V"]
[Black "Makarian, Rudik"]
[WhiteFideId "25060783"]
[BlackFideId "44105681"]
[WhiteElo "2515"]
[BlackElo "2461"]
[Result "1/2-1/2"]
[Round "07"]
[TimeControl "180+2"]
[Date "2023.05.31"]
[WhiteClock "0:00:04"]
[BlackClock "0:00:06"]

1. e4 c5 2. Nf3 Nc6 3. Bb5 e6 4. Bxc6 bxc6 5. d3 Bd6 6. O-O Ne7 7. Nbd2 Bc7 8. Nb3 e5 9. Nxc5 O-O 10. c3 d6 11. Nb3 f5 12. h3 Ng6 13. Re1 d5 14. Bg5 Qd6 15. c4 h6 16. Be3 d4 17. Bd2 c5 18. a3 Rf7 19. Nc1 fxe4 20. dxe4 Bxh3 21. gxh3 Raf8 22. Nh2 Rxf2 23. Ng4 R2f3 24. Nh2 Rxh3 25. Qg4 Rh4 26. Qg3 Qe6 27. Nd3 Rh3 28. Qg2 Rxd3 29. Rf1 Rxf1+ 30. Rxf1 Nh4 31. Qf2 Qh3 32. Be1 Ng6 33. Qf7+ Kh7 34. Qxc7 Qe3+ 35. Bf2 Qxe4 36. Re1 Qf5 37. Qc6 Nf4 38. Qe4 Kg6 39. Qc6+ Kh7 40. Qe4 Qxe4 41. Rxe4 Rd2 42. Be1 Rg2+ 43. Kh1 Rxb2 44. Rxe5 Nd3 45. Re8 Rc2 46. Nf3 Rxc4 47. Kg2 Rc2+ 48. Kg3 Ra2 49. Rc8 Rxa3 50. Kg4 Ra1 51. Bg3 a5 52. Nh4 a4 53. Kh5 Rh1 54. Kg4 a3 55. Ra8 Ra1 56. Kh5 Rh1 57. Rxa3 Nb4 58. Ra8 Nd5 59. Kg4 Ne3+ 60. Kf3 Rf1+ 61. Ke4 Rg1 62. Bf2 Rg5 63. Bxe3 Rg4+ 64. Kd5 dxe3 65. Nf3 Rf4 66. Ne1 e2 67. Re8 Rd4+ 68. Kxc5 Rd2 69. Kc4 Kg6 70. Kc3 Ra2 71. Kd3 Kg5 72. Ke3 Kg4 73. Kf2 g5 74. Re4+ Kf5 75. Re8 h5 76. Nf3 Kg4 77. Re4+ Kf5 78. Re8 g4 79. Nd4+ Kg5 80. Nxe2 h4 81. Re3 h3 82. Kg3 Ra5 83. Nf4 Rf5 84. Ne6+ Kf6 85. Nd4 Re5 86. Ra3 Re4 87. Nc2 Kg5 88. Ra5+ Kf6 89. Ra3 Re2 90. Ne3 h2 91. Nxg4+ Ke7 92. Nxh2 Ke8 93. Nf3 Rb2 94. Kf4 Rb1 95. Ke5 Rd1 96. Ke6 Kd8 97. Ra7 Kc8 98. Ne5 Rd2 99. Nc4 Re2+ 100. Kd6 Re1 101. Rh7 Rd1+ 102. Kc6 Kd8 103. Ne5 Ke8 104. Nc4 Kf8 105. Kc5 Rd2 106. Ra7 Rd1 107. Rb7 Rd3 108. Ne5 Rd1 109. Nc6 Ke8 110. Nd4 Kf8 111. Kd5 Ke8 112. Ke6 Re1+ 113. Kd6 Kf8 114. Ne6+ Kg8 115. Rg7+ Kh8 116. Rg2 Kh7 117. Ke7 Rf1 118. Rg4 Kh6 119. Nf4 Ra1 120. Kf6 Ra6+ 121. Kf7 Ra7+ 122. Kf6 Ra6+ 123. Ne6 Kh5 124. Re4 Rb6 125. Kf7 Rb7+ 126. Kg8 Rb8+ 127. Kg7 Rb7+ 128. Kf6 Rb6 129. Rc4 Ra6 130. Re4 Rb6 1/2-1/2


[Site "https://www.chess.com"]

[Event "Titled Tuesday Blitz May 30 Late 2023"]
[White "Moroni, Luca Jr"]
[Black "Bluebaum, Matthias"]
[WhiteFideId "865834"]
[BlackFideId "24651516"]
[WhiteElo "2569"]
[BlackElo "2639"]
[Result "0-1"]
[Round "07"]
[TimeControl "180+2"]
[Date "2023.05.31"]
[WhiteClock "0:00:14"]
[BlackClock "0:00:06"]

1. c4 e6 2. g3 d5 3. Bg2 Nf6 4. Nf3 Nc6 5. d3 Bd6 6. Nbd2 O-O 7. O-O h6 8. a3 a5 9. e3 b6 10. b3 Qe7 11. Bb2 Rd8 12. Qc2 Bb7 13. Rfe1 Rac8 14. Bc3 Bxa3 15. Bxf6 gxf6 16. d4 Bb4 17. Rec1 dxc4 18. Nxc4 Nb8 19. Qe2 Nd7 20. e4 Nf8 21. Qe3 Kg7 22. h4 f5 23. Nh2 h5 24. Ne5 fxe4 25. Bxe4 Bxe4 26. Qxe4 Qf6 27. Nhf3 Ng6 28. Rc6 Nxe5 29. dxe5 Qg6 30. Qf4 Rd3 31. Rac1 Bc5 32. Ng5 Rxb3 33. Rd1 Rb1 34. Qf3 Rxd1+ 35. Qxd1 Qf5 36. Qd2 Rd8 37. Nxe6+ fxe6 38. Rxc7+ Kg6 39. Qe2 Qxf2+ 40. Qxf2 Bxf2+ 41. Kxf2 Ra8 42. Kf3 a4 43. Kf4 a3 44. Rc6 a2 45. Rxe6+ Kg7 0-1


[Site "https://www.chess.com"]